3AAA
SUNSET DISTRICT FOG @ HIALEAH DODOS
09/22/2020
 
TOP OF THE 1ST
Sunset District Fog batting - Pitching for Hialeah Dodos : RHP John Bailey
Pitching: RHP John Bailey
Batting: LHB Todd Williams 0-0: Bunt for hit - play at first, batter OUT! 1-3
Batting: RHB Francisco Torres 0-0: Fly out, F1 (Popup, 25)
Batting: RHB Gabriel Maldonado 0-0: Ball
1-0: Ball
2-0: Fly out, F7 (Popup, 7LS)
Top of the 1st over - 0 run(s), 0 hit(s), 0 error(s), 0 left on base; Sunset District 0 - Hialeah 0
BOTTOM OF THE 1ST
Hialeah Dodos batting - Pitching for Sunset District Fog : RHP José García
Pitching: RHP José García
Batting: RHB Herman Cook 0-0: Ball
1-0: SINGLE (Groundball, 5L) (infield hit)
Batting: LHB Álex Burgos 0-0: Ball
1-0: Ball
2-0: Swinging Strike
2-1: Fly out, F7 (Flyball, 7S)
Batting: RHB Peter Baker 0-0: Called Strike
0-1: Ball
Herman Cook steals 2nd base
1-1: Ball
2-1: Ball
3-1: Called Strike
3-2: Base on Balls
Batting: RHB Ramón Gómez 0-0: Ball
Herman Cook steals 3rd base
Peter Baker to second
1-0: Ball
2-0: Called Strike
2-1: DOUBLE (Line Drive, 7LS)
Herman Cook scores
Peter Baker scores
Batting: LHB Jeff Conklin 0-0: Ball
1-0: Ball
2-0: Called Strike
2-1: Fly out, F8 (Line Drive, 8LM)
Runner from 2nd tags up, OUT at 3rd
Bottom of the 1st over - 2 run(s), 2 hit(s), 0 error(s), 0 left on base; Sunset District 0 - Hialeah 2
TOP OF THE 2ND
Sunset District Fog batting - Pitching for Hialeah Dodos : RHP John Bailey
Batting: RHB Jim Lee 0-0: Called Strike
0-1: Foul Ball, location: 2F
0-2: Strikes out looking
Batting: SHB Al Anderson 0-0: Ball
1-0: Called Strike
1-1: SINGLE (Line Drive, 34)
Batting: SHB Brian Ray 0-0: Called Strike
0-1: Ball
1-1: Ball
2-1: Foul Ball, location: 2F
2-2: Foul Ball, location: 2F
2-2: Strikes out swinging
Batting: LHB Jesús Quintanilla 0-0: Ball
1-0: Ball
2-0: SINGLE (Flyball, 7S)
Al Anderson to second
Batting: RHB Rafael Najcrea 0-0: Foul Ball, location: 2F
0-1: Ball
1-1: Foul Ball, location: 2F
1-2: Ball
2-2: Ball
3-2: Ground out 6-3 (Groundball, 6)
Top of the 2nd over - 0 run(s), 2 hit(s), 0 error(s), 2 left on base; Sunset District 0 - Hialeah 2
BOTTOM OF THE 2ND
Hialeah Dodos batting - Pitching for Sunset District Fog : RHP José García
Batting: RHB Ludwig Kluge 0-0: Called Strike
0-1: Ground out 4-3 (Groundball, 4)
Batting: RHB Kelly Flint 0-0: Foul Ball, location: 2F
0-1: Fly out, F9 (Flyball, 89D)
Batting: LHB Carl Gore 0-0: Ball
1-0: Ball
2-0: Ball
3-0: Base on Balls
Batting: LHB Albert González 0-0: Foul Ball, location: 2F
0-1: Ground out 1-3 (Groundball, 13S)
Bottom of the 2nd over - 0 run(s), 0 hit(s), 0 error(s), 1 left on base; Sunset District 0 - Hialeah 2
TOP OF THE 3RD
Sunset District Fog batting - Pitching for Hialeah Dodos : RHP John Bailey
Batting: LHB Ron Frazier 0-0: Swinging Strike
0-1: SINGLE (Groundball, 3D)
Batting: LHB Todd Williams 0-0: Called Strike
0-1: Ball
1-1: Foul Ball, location: 2F
1-2: Ball
2-2: Foul Ball, location: 2F
2-2: Foul Ball, location: 2F
2-2: Ball
3-2: DOUBLE (Line Drive, 8RD)
Ron Frazier to third
Batting: RHB Francisco Torres 0-0: Called Strike
0-1: Swinging Strike
0-2: Strikes out swinging
Batting: RHB Gabriel Maldonado 0-0: SINGLE (Line Drive, 78M)
Ron Frazier scores
Todd Williams to third
Runner from 3rd tries for Home, SAFE, no throw or cutoff
Batting: RHB Jim Lee 0-0: Called Strike
0-1: Swinging Strike
0-2: Strikes out swinging
Batting: SHB Al Anderson 0-0: Ball
1-0: Foul Ball, location: 2F
1-1: Ball
2-1: Foul Ball, location: 2F
2-2: Ground out U3 (Groundball, 3L)
Top of the 3rd over - 2 run(s), 3 hit(s), 0 error(s), 1 left on base; Sunset District 2 - Hialeah 2
BOTTOM OF THE 3RD
Hialeah Dodos batting - Pitching for Sunset District Fog : RHP José García
Batting: RHB Herman Cook 0-0: Called Strike
0-1: Ball
1-1: Foul Ball, location: 2F
1-2: Foul Ball, location: 2F
1-2: Fly out, F9 (Flyball, 89M)
Batting: LHB Álex Burgos 0-0: SOLO HOME RUN (Flyball, 9D), Distance : 376 ft
Batting: RHB Peter Baker 0-0: Ball
1-0: Called Strike
1-1: Called Strike
1-2: Ball
2-2: Ball
3-2: Foul Ball, location: 2F
3-2: Base on Balls
Batting: RHB Ramón Gómez 0-0: Foul Ball, location: 2F
0-1: Foul Ball, location: 2F
0-2: Foul Ball, location: 2F
0-2: Ball
1-2: Ball
2-2: Strikes out swinging
Batting: LHB Jeff Conklin 0-0: Foul Ball, location: 2F
0-1: Called Strike
Peter Baker is caught stealing 2nd base
Bottom of the 3rd over - 1 run(s), 1 hit(s), 0 error(s), 0 left on base; Sunset District 2 - Hialeah 3
TOP OF THE 4TH
Sunset District Fog batting - Pitching for Hialeah Dodos : RHP John Bailey
Batting: SHB Brian Ray 0-0: Swinging Strike
0-1: Ball
1-1: Fly out, F5 (Popup, 5F)
Batting: LHB Jesús Quintanilla 0-0: SINGLE (Line Drive, 89M)
Batting: RHB Rafael Najcrea 0-0: Ball
Jesús Quintanilla is caught stealing 2nd base
1-0: Called Strike
1-1: Ground out 1-3 (Groundball, 13)
Top of the 4th over - 0 run(s), 1 hit(s), 0 error(s), 0 left on base; Sunset District 2 - Hialeah 3
BOTTOM OF THE 4TH
Hialeah Dodos batting - Pitching for Sunset District Fog : RHP José García
Batting: LHB Jeff Conklin 0-0: Fly out, F5 (Popup, 25F)
Batting: RHB Ludwig Kluge 0-0: Called Strike
0-1: SINGLE (Flyball, 9LS)
Batting: RHB Kelly Flint 0-0: Ball
1-0: Fly out, F9 (Line Drive, 9S)
Batting: LHB Carl Gore 0-0: Ball
1-0: Foul Ball, location: 2F
1-1: Ball
2-1: Ball
3-1: Foul Ball, location: 2F
Pickoff Throw to First - Error! E1
Ludwig Kluge to second
3-2: Fly out, F6 (Popup, 6D)
Bottom of the 4th over - 0 run(s), 1 hit(s), 1 error(s), 1 left on base; Sunset District 2 - Hialeah 3
TOP OF THE 5TH
Sunset District Fog batting - Pitching for Hialeah Dodos : RHP John Bailey
Batting: LHB Ron Frazier 0-0: Ball
1-0: Foul Ball, location: 2F
1-1: Ball
2-1: SINGLE (Line Drive, 56D)
Batting: LHB Todd Williams 0-0: Ball
Ron Frazier steals 2nd base
1-0: Ball
2-0: Ball
3-0: Called Strike
3-1: Base on Balls
Batting: RHB Francisco Torres 0-0: Fly out, F6 (Popup, 6M)
Batting: RHB Gabriel Maldonado 0-0: Swinging Strike
0-1: Ground out 5-3 (Groundball, 56S)
Ron Frazier to third
Todd Williams to second
Batting: RHB Jim Lee 0-0: Foul Ball, location: 2F
0-1: SINGLE (Groundball, 34D)
Ron Frazier scores
Todd Williams to third
Runner from 3rd tries for Home, throw and OUT!
Top of the 5th over - 1 run(s), 2 hit(s), 0 error(s), 1 left on base; Sunset District 3 - Hialeah 3
BOTTOM OF THE 5TH
Hialeah Dodos batting - Pitching for Sunset District Fog : RHP José García
Batting: LHB Albert González 0-0: TRIPLE (Line Drive, 89M)
Batting: RHB Herman Cook 0-0: Ball
1-0: Ball
2-0: Fly out, F8 (Flyball, 8LM)
Runner from 3rd tags up, SCORES, no throw
Batting: LHB Álex Burgos 0-0: Swinging Strike
0-1: Called Strike
0-2: Ball
1-2: Foul Ball, location: 2F
1-2: Ball
2-2: Foul Ball, location: 2F
2-2: Strikes out swinging
Batting: RHB Peter Baker 0-0: Fly out, F9 (Flyball, 9M)
Bottom of the 5th over - 1 run(s), 1 hit(s), 0 error(s), 0 left on base; Sunset District 3 - Hialeah 4
TOP OF THE 6TH
Sunset District Fog batting - Pitching for Hialeah Dodos : RHP John Bailey
Batting: SHB Al Anderson 0-0: Ball
1-0: Called Strike
1-1: SINGLE (Flyball, 8LS)
Batting: SHB Brian Ray 0-0: Called Strike
0-1: Fly out, F8 (Flyball, 8RS)
Batting: LHB Jesús Quintanilla 0-0: Ball
1-0: Ball
2-0: Swinging Strike
2-1: Ball
3-1: Foul Ball, location: 2F
3-2: Ground out 4-3 (Groundball, 4M)
Al Anderson to second
Batting: RHB Rafael Najcrea 0-0: Ball
1-0: Called Strike
1-1: Ground out 6-3 (Groundball, 6)
Top of the 6th over - 0 run(s), 1 hit(s), 0 error(s), 1 left on base; Sunset District 3 - Hialeah 4
BOTTOM OF THE 6TH
Hialeah Dodos batting - Pitching for Sunset District Fog : RHP José García
Batting: RHB Ramón Gómez 0-0: Called Strike
0-1: Ball
1-1: Ball
2-1: Fly out, F4 (Popup, 4D)
Batting: LHB Jeff Conklin 0-0: Called Strike
0-1: Foul Ball, location: 2F
0-2: SOLO HOME RUN (Flyball, 89XD), Distance : 421 ft
Batting: RHB Ludwig Kluge 0-0: Foul Ball, location: 2F
0-1: DOUBLE (Line Drive, 7LS)
Batting: RHB Kelly Flint 0-0: Called Strike
0-1: Foul Ball, location: 2F
0-2: Ball
1-2: Fly out, F2 (Popup, 2LF)
Batting: LHB Carl Gore 0-0: Ball
1-0: Ball
2-0: Foul Ball, location: 2F
2-1: Called Strike
2-2: Ball
3-2: Ground out 6-3 (Groundball, 6M)
Bottom of the 6th over - 1 run(s), 2 hit(s), 0 error(s), 1 left on base; Sunset District 3 - Hialeah 5
TOP OF THE 7TH
Sunset District Fog batting - Pitching for Hialeah Dodos : RHP John Bailey
Batting: LHB Ron Frazier 0-0: Ball
1-0: Swinging Strike
1-1: SINGLE (Groundball, 6D)
Batting: LHB Todd Williams 0-0: Ball
1-0: Ball
2-0: Called Strike
2-1: Foul Ball, location: 2F
2-2: Foul Ball, location: 2F
2-2: Ball
3-2: Base on Balls
Ron Frazier to second
Batting: RHB Francisco Torres 0-0: Fielders Choice at 2nd, 6-4 (Groundball, 6)
Ron Frazier to third
Batting: RHB Gabriel Maldonado 0-0: Ball
1-0: Fly out, F8 (Flyball, 8LD)
Runner from 3rd tags up, SCORES, no throw
Batting: RHB Jim Lee 0-0: Called Strike
0-1: Called Strike
0-2: Ball
1-2: Foul Ball, location: 2F
1-2: Foul Ball, location: 2F
1-2: Foul Ball, location: 2F
1-2: Ball
Wild Pitch!
Francisco Torres to second
2-2: Ground out 6-3 (Groundball, 6)
Top of the 7th over - 1 run(s), 1 hit(s), 0 error(s), 1 left on base; Sunset District 4 - Hialeah 5
BOTTOM OF THE 7TH
Hialeah Dodos batting - Pitching for Sunset District Fog : RHP José García
Batting: LHB Albert González 0-0: Ball
1-0: Ball
2-0: Called Strike
2-1: Ground out 3-1 (Groundball, 34S)
Batting: RHB Herman Cook 0-0: Ball
1-0: Ball
2-0: Ball
3-0: Called Strike
3-1: SINGLE (Line Drive, 6D)
Batting: LHB Álex Burgos 0-0: Ball
1-0: Ball
2-0: Foul Ball, location: 2F
2-1: Foul Ball, location: 2F
2-2: Foul Ball, location: 2F
2-2: Strikes out swinging
Batting: RHB Peter Baker 0-0: Ball
Herman Cook steals 2nd base
1-0: Ball
2-0: Ground out 5-3 (Groundball, 5L)
Bottom of the 7th over - 0 run(s), 1 hit(s), 0 error(s), 1 left on base; Sunset District 4 - Hialeah 5
TOP OF THE 8TH
Sunset District Fog batting - Pitching for Hialeah Dodos : RHP John Bailey
Now at SS: Scott Miller
Batting: SHB Al Anderson 0-0: Called Strike
0-1: Ball
1-1: Called Strike
1-2: Strikes out swinging
Pitching: RHP Martin Benthall
Batting: SHB Brian Ray 0-0: Ground out 6-3 (Groundball, 6M)
Pitching: RHP Mark Walker
Batting: LHB Jesús Quintanilla 0-0: Ball
1-0: SINGLE (Line Drive, 56)
Pitching: RHP Gary Williams
Pinch Hitting: LHB David Hunt 0-0: Ball
1-0: Called Strike
1-1: Ball
2-1: Ball
3-1: Fly out, F6 (Popup, 6)
Top of the 8th over - 0 run(s), 1 hit(s), 0 error(s), 1 left on base; Sunset District 4 - Hialeah 5
BOTTOM OF THE 8TH
Hialeah Dodos batting - Pitching for Sunset District Fog : RHP José García
Now in RF: David Hunt
Batting: RHB Ramón Gómez 0-0: Swinging Strike
0-1: Ball
1-1: Ball
2-1: Foul Ball, location: 2F
2-2: Ball
3-2: Base on Balls
Pitching: LHP Xavier Hernández
Pinch Hitting: RHB Javier Santos 0-0: Ball
1-0: SINGLE (Line Drive, 8RS)
Ramón Gómez to second
Pitching: RHP Luke Merkley
Pinch Hitting: SHB Daryl Moore 0-0: Swinging Strike
0-1: Bunt - Flyout! F1
Batting: RHB Kelly Flint 0-0: Ball
1-0: Foul Ball, location: 2F
1-1: Ball
2-1: Ball
3-1: Base on Balls
Ramón Gómez to third
Javier Santos to second
Batting: LHB Carl Gore 0-0: Called Strike
0-1: Grounds into double play, 1-2-3 (Groundball, 13S)
Bottom of the 8th over - 0 run(s), 1 hit(s), 0 error(s), 2 left on base; Sunset District 4 - Hialeah 5
TOP OF THE 9TH
Sunset District Fog batting - Pitching for Hialeah Dodos : RHP Gary Williams
Pitching: RHP José Lozano
Now at 3B: Javier Santos
Now in LF: Craig Lovins
Batting: LHB Ron Frazier 0-0: Foul Ball, location: 2F
0-1: Called Strike
0-2: Ball
1-2: Foul Ball, location: 2F
1-2: Ball
2-2: Strikes out swinging
Batting: LHB Todd Williams 0-0: Called Strike
0-1: Ball
1-1: Fly out, F6 (Popup, 6M)
Pinch Hitting: RHB Luis Silva 0-0: Ball
1-0: Called Strike
1-1: Ball
2-1: Ground out 4-3 (Groundball, 4)
Top of the 9th over - 0 run(s), 0 hit(s), 0 error(s), 0 left on base; Sunset District 4 - Hialeah 5
This league is powered by Out of the Park Baseball, the baseball management simulation game for PC, Mac and Linux
Friday, October 23rd, 2015 - OOTP Baseball 16.9 Build 39